 Dungeon Crawl Stone Soup version 0.21.1-1-g345015f (webtiles) character file.

49 nicolaieve the Conjurer (level 3, -4/19 HPs)
             Began as a Deep Elf Conjurer on June 6, 2018.
             Killed from afar by an orc wizard (6 damage)
             ... with a magic dart
             ... on level 2 of the Dungeon.
             The game lasted 00:11:46 (1804 turns).

nicolaieve the Conjurer (Deep Elf Conjurer)         Turns: 1804, Time: 00:11:46

Health: -4/19      AC:  4    Str:  6    XL:     3   Next: 53%
Magic:  2/9        EV: 13    Int: 19    God:
Gold:   53         SH:  0    Dex: 15    Spells: 5/8 levels left

rFire    . . .     SeeInvis .   (no weapon)
rCold    . . .     Gourm    .   (no shield)
rNeg     . . .     Faith    .   a - +1 robe
rPois    .         Spirit   .   (no helmet)
rElec    .         Reflect  .   (no cloak)
rCorr    .         Harm     .   (no gloves)
MR       .....                  h - +0 pair of boots
Stlth    ++........             (no amulet)
HPRegen  0.06/turn              (no ring)
MPRegen  0.11/turn              (no ring)

@: no status effects
A: no striking features
a: no special abilities


You were on level 2 of the Dungeon.
You were not hungry.

You visited 1 branch of the dungeon, and saw 3 of its levels.

You collected 53 gold pieces.

Inventory:

Missiles
 j - 65 arrows
Armour
 a - a +1 robe (worn)
 h - a +0 pair of boots (worn)
 o - a +1 helmet
Jewellery
 m - a cursed -3 ring of intelligence {unknown}
 n - an uncursed ring of poison resistance {unknown}
 r - an uncursed ring of flight {unknown}
Scrolls
 d - a scroll of teleportation
 e - a scroll of magic mapping
Potions
 f - a potion of curing {unknown}
 k - a potion of haste {unknown}
 p - 2 potions of degeneration {unknown}
 q - a potion of mutation {unknown}
Books
 b - a book of Conjurations

   Spells                             Type                      Level
   a - Magic Dart                     Conjuration                  1
   b - Searing Ray                    Conjuration                  2
   c - Dazzling Spray                 Conjuration/Hexes            3
   d - Fulminant Prism                Conjuration/Hexes            4
   e - Force Lance                    Conjuration/Translocation    4
   f - Iskenderun's Mystic Blast      Conjuration                  4
Comestibles
 c - 3 rations


   Skills:
 - Level 3.0 Dodging
 - Level 3.0 Stealth
 + Level 3.4 Spellcasting
 + Level 5.2 Conjurations


You had 5 spell levels left.
You knew the following spells:

 Your Spells              Type           Power        Failure   Level  Hunger
a - Magic Dart            Conj           ###.         1%          1    None
b - Searing Ray           Conj           ###...       2%          2    ##.....


Dungeon Overview and Level Annotations

Branches:
Dungeon (3/15)

Altars:


Message History

The orc wizard blinks!
Unknown command.
Casting: Searing Ray
Confirm with . or Enter, or press ? or * to list all spells.
Aiming: Searing Ray
Press: ? - help, Shift-Dir - straight line, f/p - orc wizard
Aim: an orc wizard, wielding a dagger, wearing a robe and carrying a wand of paralysis (3) (fast)
The searing ray misses the orc.
The searing ray misses the orc wizard. (Press . to maintain the ray.)
The orc barely misses you.
The searing ray hits the orc.
The orc is almost dead.
The orc wizard gestures at you while chanting.
The magic dart hits you! The orc hits you with a falchion.
* * * LOW HITPOINT WARNING * * *
The searing ray hits the orc.
You kill the orc!
The orc wizard points at you and mumbles some strange words.
The magic dart hits you!
You die...

#......................
########......................
#..................#....##....
#.....##..............#.......
#.....##.........##.######....
###..###.........##.####......
##..............[......#....
#####......).........##....
##.#..@o..............(
###...#.#.......##......
#.......#.......##......
###.#.#...........##......
#.....#.#.........##......
###.......#.#.......##......
##.......###.##..............
#.........................#..
####.....###..#####...#....##


You could see an orc wizard.

Vanquished Creatures
  An adder (D:2)
  4 dart slugs
  An orc (D:2)
  A giant cockroach (D:1)
  4 hobgoblins
  4 kobolds
  4 bats (D:1)
  A frilled lizard (D:1)
  4 goblins
  10 rats
34 creatures vanquished.

Notes
Turn   | Place    | Note
-------+----------+-------------------------------------------
     0 | D:1      | nicolaieve the Deep Elf Conjurer began the quest for the Orb.
     0 | D:1      | Reached XP level 1. HP: 10/10 MP: 6/6
   372 | D:1      | Reached XP level 2. HP: 15/15 MP: 5/8
   383 | D:1      | Learned a level 2 spell: Searing Ray
   898 | D:1      | Reached XP level 3. HP: 19/19 MP: 5/9
  1241 | D:2      | Reached skill level 5 in Conjurations
  1792 | D:3      | Paralysed by an orc wizard for 6 turns
  1804 | D:2      | Killed from afar by an orc wizard

Skill      XL: |  1  2  3 |
---------------+----------+-----
Stealth        | 3 |  3.0
Dodging        | 3 |  3.0
Conjurations   | 5 |  5.2
Spellcasting   | |  3.4

Action                   || total
-------------------------++-------
 Cast: Magic Dart        ||    68
       Searing Ray       ||     2
  Use: Scroll            ||     4
  Eat: Ration            ||     1
Armor: Robe              ||     9
Dodge: Dodged            ||     8
